 Dungeon Crawl Stone Soup version 0.25.0-10-g039870ee82 (webtiles) character file.

Game seed: 4036282740438894937

51 Flugkiller the Ducker (level 3, -3/19 HPs)
             Began as a Deep Elf Chaos Knight on June 22, 2020.
             Was a Plaything of Xom.
             Killed from afar by an orc wizard (12 damage)
             ... with a puff of frost
             ... on level 3 of the Dungeon.
             The game lasted 00:04:15 (1762 turns).

Flugkiller the Ducker (Deep Elf Chaos Knight)       Turns: 1762, Time: 00:04:16

Health: -3/19      AC:  5    Str:  8 (9)  XL:     3   Next: 57%
Magic:  5/5        EV: 13    Int: 16      God:    Xom [*.....]
Gold:   80         SH:  5    Dex: 15      Spells: 2/2 levels left

rFire    + . .     SeeInvis .   g - +3 dagger (venom)
rCold    . . .     Gourm    .   (no shield)
rNeg     . . .     Faith    .   b - +2 leather armour
rPois    .         Spirit   .   (no helmet)
rElec    .         Reflect  +   (no cloak)
rCorr    .         Harm     .   (no gloves)
MR       .....                  (no boots)
Stlth    ++........             m - amulet of reflection
HPRegen  0.06/turn              (no ring)
MPRegen  0.09/turn              (no ring)

@: no status effects
A: deterioration 1, fire resistance 1, frail 1
a: Renounce Religion


You were on level 3 of the Dungeon.
You worshipped Xom.
You were a special plaything of Xom.
You were hungry.

You visited 1 branch of the dungeon, and saw 3 of its levels.

You collected 80 gold pieces.

Inventory:

Hand Weapons
 a - a +0 falchion of chaos
 g - a +3 dagger of venom (weapon)
   (You took it off a kobold on level 1 of the Dungeon)
 j - a +2 dagger of venom
   (You found it on level 1 of the Dungeon)
Missiles
 e - 60 stones (quivered)
 p - 9 poisoned darts
 q - 8 arrows
 t - 2 boomerangs
Armour
 b - a +2 leather armour (worn)
 o - a +2 robe of magic resistance
   (You found it on level 2 of the Dungeon)
Jewellery
 m - an amulet of reflection (around neck)
   (You found it on level 2 of the Dungeon)
Wands
 h - a wand of random effects (23)
   (You found it on level 2 of the Dungeon)
 k - a wand of iceblast (9)
   (You took it off an orc on level 3 of the Dungeon)
Scrolls
 d - a scroll of teleportation
 f - a scroll of enchant armour {unknown}
 i - a scroll of blinking {unknown}
 n - 3 scrolls of identify
 s - a scroll of fog {unknown}
 u - a scroll of fear {unknown}
Comestibles
 c - 6 rations


   Skills:
 + Level 2.6 Fighting
 - Level 0.6(2.0) Short Blades
 - Level 2.6(2.7) Long Blades
 - Level 0.7 Armour
 - Level 4.0 Dodging
 - Level 2.0 Stealth


You had 2 spell levels left.
You didn't know any spells.
Your spell library was empty.

Dungeon Overview and Level Annotations

Branches:
Dungeon (3/15)

Altars:
Gozag
Sif Muna

Annotations:
D:3 2 transporters


Innate Abilities, Weirdness & Mutations

Your body sometimes deteriorates upon taking damage.
Your flesh is heat resistant. (rF+)
You are frail. (-10% HP)


Message History

You kill the orc!
Your resistance to elements expires.
Unknown command.
k - a wand of iceblast (10)
Items here: )) †† a +0 flail; a +0 mace; an orc corpse x2
Okay, then.
An orc wizard comes into view. It is wielding a +0 dagger.
An orc comes into view. It is wielding a +0 mace.
The orc wizard moves out of view.
You see here a stone.
There isn't anything to butcher here.
You see here a stone.
e - 60 stones (gained 1)
The orc wizard shouts!
An orc comes into view. It is wielding a +0 dagger.
A kobold comes into view. It is wielding a +0 spear.
Found a club.
A kobold comes into view.
The kobold shouts!
You hear a shout!
You closely miss the kobold. You block the kobold's attack.
You hit the kobold.
You kill the kobold!
Xom makes a sudden noise!
You hear the wailing of sirens.
You hear an angry hiss. x2; You hear a shout! x2
You see here 8 gold pieces.
You now have 80 gold pieces (gained 8).
The kobold misses you. The kobold closely misses you.
You barely miss the kobold. The kobold closely misses you.
You hit the kobold.
The kobold is poisoned.
The kobold is severely wounded.
The orc wizard gestures at you while chanting.
The puff of flame hits you but does no damage.
You block the kobold's attack.
You kill the kobold!
The orc wizard casts a spell at you. The magic dart hits you!
Ouch! That really hurt!
* * * LOW HITPOINT WARNING * * *
Your body deteriorates!
You feel weakened.
Evoke which item? (* to show all) (? for menu, Esc to quit)
Aiming: Iceblast
Press: ? - help, Shift-Dir - straight line, f - orc wizard
Aim: an orc wizard, wielding a +0 dagger and wearing a +0 robe The mass of ice explodes!
The iceblast engulfs the orc wizard!
The orc wizard is severely wounded.
The orc wizard casts a spell at you. The puff of frost hits you!
Ouch! That really hurt!
You die...

###########
#.........#
#.........######
#.....)........#
#..............#
#....@...o.....# ..
#####..###.....# #!.o
#..)# #.....##.....
#..... ###.#....#
#.......##..#)####
#...........#.#####..
#.............).(....
.....g###############
.#.....#8P#;;≈;≈;≈#P8#


You could see an orc wizard and a hobgoblin.

Vanquished Creatures
  An adder (D:2)
  2 orcs (D:3)
  A ball python (D:2)
  4 giant cockroaches
  5 goblins
  A hobgoblin (D:1)
  2 jackals (D:3)
  10 kobolds
  A quokka (D:3)
  3 bats
  4 frilled lizards
  3 rats
37 creatures vanquished.

Notes
Turn   | Place    | Note
-------+----------+-------------------------------------------
     0 | D:1      | Flugkiller the Deep Elf Chaos Knight began the quest for
                  | the Orb.
     0 | D:1      | Reached XP level 1. HP: 13/13 MP: 3/3
    89 | D:1      | XOM: silly message
   485 | D:1      | Reached skill level 3 in Dodging
   574 | D:1      | XOM: divination: detect items
   591 | D:1      | XOM: silly message
   594 | D:1      | Reached XP level 2. HP: 18/18 MP: 4/4
  1007 | D:2      | XOM: god gift: 32 stones
  1100 | D:2      | Reached skill level 4 in Dodging
  1241 | D:2      | Reached skill level 1 in Stealth
  1241 | D:2      | Reached XP level 3. HP: 16/22 MP: 5/5
  1366 | D:2      | XOM: summons 2 hostile shadow creatures
  1506 | D:2      | XOM is BORED!
  1506 | D:2      | XOM: give mutations
  1506 | D:2      | Gained mutation: Your flesh is heat resistant. (rF+) [Xom's
                  | mischief]
  1506 | D:2      | Gained mutation: Your body sometimes deteriorates upon
                  | taking damage. [Xom's mischief]
  1506 | D:2      | Gained mutation: You are frail. (-10% HP) [Xom's mischief]
  1528 | D:2      | Found a shimmering blue altar of Sif Muna.
  1528 | D:2      | Found an opulent altar of Gozag.
  1693 | D:3      | XOM: swap monsters
  1708 | D:3      | Found a transporter.
  1709 | D:3      | Found a transporter.
  1755 | D:3      | XOM: noise
  1762 | D:3      | Killed from afar by an orc wizard

Illustrated notes

Levels and vault maps discovered:
D:1:      lemuel_arrival_behind_the_door_small, layout_basic
D:2:      layout_rooms, gammafunk_temple_overflow_wave
D:3:      gammafunk_steamed_eel, layout_rooms, nemelex_altar_shiori, zin_angel,
          chequers_ecumenical_altar_simple_redux, uniq_ijyb

Skill      XL: |  1  2  3 |
---------------+----------+-----
Dodging        | 3 4 |  4.0
Stealth        | 1 2 |  2.0
Fighting       | |  2.6
Short Blades   | |  0.6
Long Blades    | |  2.6
Armour         | |  0.7

Action                   || total
-------------------------++-------
Melee: Dagger            ||    95
       Falchion          ||     2
Throw: Stone             ||     3
Evoke: Wand              ||     1
  Use: Scroll            ||     5
       Potion            ||     3
  Eat: Chunk             ||     2
Armor: Leather armour    ||    34
Dodge: Dodged            ||    66
Block: Other             ||    11
